[Event "Team 45 45 League T55"]
[Site "Internet Chess Club"]
[Date "2012.11.22"]
[Round "2"]
[White "hi12980"]
[Black "pereelcoix"]
[Result "1/2-1/2"]
[WhiteElo "1680"]
[BlackElo "1421"]
[Opening "Caro-Kann: advance variation"]
[ECO "B12"]
[Time "15:00:10"]
[TimeControl "2700+45"]

1. e4 c6 2. d4 d5 3. e5 Bf5 4. Nf3 e6 5. Be2 Ne7 6. O-O Bg4 7. Nh4 Bxe2 8. Qxe2
Nd7 9. Nf3 Nf5 10. c3 Be7 11. b3 O-O 12. Bb2 Qb6 13. Nbd2 c5 14. Rad1 cxd4 15.
cxd4 Qa5 16. a4 Bb4 17. Qd3 Bxd2 18. Rxd2 Rac8 19. Rc2 Rxc2 20. Qxc2 Qb4 21. Ra1
Qb6 22. a5 Qb5 23. Ra4 Ne7 24. Ba3 Rc8 25. Qb2 Qd3 26. h3 Qd1+ 27. Kh2 Rc2 28.
Qxc2 Qxc2 29. Bxe7 Qxf2 30. a6 b6 31. Ra1 Qc2 32. b4 Qc3 33. Ra2 h6 34. Rf2 Qa3
35. Rc2 Qxa6 36. Rc7 Qa4 37. b5 Qxb5 38. Rxa7 f6 39. Bd6 fxe5 40. Nxe5 Nxe5 41.
Bxe5 g5 42. Rg7+ Kf8 43. Rh7 Qd3 44. Rxh6 Ke7 45. Rh8 b5 46. Rb8 Qc4 47. Rb7+
Ke8 48. Rb8+ Kf7 49. Rb7+ Kg6 50. g4 b4 51. Rb6 b3 52. Rxe6+ Kh7 53. Rb6 Qc2+
54. Kg3 b2 55. Rb7+ Kg6 56. Rb6+ Kf7 57. Rb7+ Kf8 58. Rb8+ Ke7 59. Rb7+ Kd8 60.
Rb8+ Qc8 61. Bf6+ Kd7 62. Rxc8 Kxc8 63. Bxg5 b1=Q 64. Bf6 Qd3+ 65. Kh4 Qh7+ 66.
Kg3 Qc7+ 67. Kh4 Qf4 68. Be5 Qf3 69. g5 Kd7 70. g6 Ke7 71. g7 Kf7 72. Kg5 Qxh3
73. Kf4 Qh6+ 74. Kf3 Qg6 75. Ke3 Qe4+ 76. Kd2 Qg2+ 77. Kc3 Qe2 78. Kb4 Qc4+ 79.
Ka5 Qb3 80. Bf6 Qa3+ 81. Kb5 Qd3+ 82. Ka5 Qb3 83. Be5 Qc3+ 84. Kb5 Kg8 85. Bf6
Qb3+ 86. Kc5 Kf7 87. Be5 Qb7 88. Kd6 Qb5 89. Kc7 Kg8 90. Kd6 Qb7 91. Kc5 Qd7
{Game drawn by mutual agreement} 1/2-1/2

[Event "Team 45 45 League T55"]
[Site "Internet Chess Club"]
[Date "2012.11.26"]
[Round "2"]
[White "Nimbus"]
[Black "Bluecat"]
[Result "1-0"]
[WhiteElo "1931"]
[BlackElo "1878"]
[Opening "English: London defensive system"]
[ECO "A12"]
[Time "14:00:30"]
[TimeControl "2700+45"]

1. Nf3 d5 2. c4 c6 3. b3 Nf6 4. g3 Bf5 5. Bg2 e6 6. Bb2 Nbd7 7. O-O Bd6 8. d3
O-O 9. Nbd2 h6 10. cxd5 exd5 11. e4 Bg4 12. Qc2 dxe4 13. dxe4 Re8 14. Rfe1 Qc7
15. Nc4 Bc5 16. Rad1 Be6 17. Nd4 Ng4 18. h3 Bxc4 19. hxg4 Bxd4 20. Rxd4 Be6 21.
Qc3 Ne5 22. Kf1 f6 23. f3 Qb6 24. Red1 Rad8 25. Qd2 Rxd4 26. Bxd4 Qa6+ 27. Kf2
Rd8 28. Bf1 Nc4 29. Qc2 c5 30. Bxc4 Bxc4 31. Qxc4+ Qxc4 32. bxc4 cxd4 33. Rb1 b6
34. Ke2 Kf7 35. Kd3 Ke6 36. Rb5 Rd6 37. Rd5 Rc6 38. f4 Rc7 39. f5+ Ke7 40. Kxd4
Rc6 41. a4 Rd6 42. e5 fxe5+ 43. Kxe5 Rc6 44. Kd4 Rd6 45. c5 bxc5+ 46. Kxc5 Ra6
47. Re5+ Kd7 48. Kb4 Rd6 49. Kc4 Rc6+ 50. Rc5 Ra6 51. a5 Rf6 52. Rb5 Rc6+ 53.
Kd4 Ra6 54. Kc4 Rc6+ 55. Kb4 Kc7 56. Rc5 Kb7 57. Kb5 a6+ 58. Kc4 Rd6 59. Rd5
Rc6+ 60. Kd4 Rc7 61. Rd6 Re7 62. Rb6+ Ka7 63. Kd5 Rc7 64. Rg6 Kb7 65. g5 hxg5
66. g4 Rd7+ 67. Ke5 Rc7 68. Rxg5 Kc6 69. f6 gxf6+ 70. Kxf6 Kd6 71. Re5 Rc4 72.
g5 Rg4 73. Re6+ Kd7 74. Rxa6 Rf4+ 75. Kg7 Ke7 76. g6 Rf3 77. Ra8 Rh3 78. a6 Rh4
79. a7 Ra4 80. Rf8 {Black resigns} 1-0

[Event "Team 45 45 League T55"]
[Site "Internet Chess Club"]
[Date "2012.11.26"]
[Round "2"]
[White "clarinetref"]
[Black "kllrchris"]
[Result "0-1"]
[WhiteElo "1699"]
[BlackElo "1692"]
[Opening "Nimzovich-Larsen attack: Indian variation"]
[ECO "A01"]
[Time "22:00:49"]
[TimeControl "2700+45"]

1. b3 Nf6 2. Bb2 d5 3. e3 c6 4. c4 Bg4 5. Nf3 e6 6. h3 Bh5 7. Be2 Nbd7 8. d3 Bd6
9. cxd5 cxd5 10. Nc3 Rc8 11. Nb5 Qa5+ 12. Qd2 Qxb5 13. Nd4 Qb4 14. Rd1 Qxd2+ 15.
Rxd2 Bb4 16. g4 Bg6 17. Kd1 Bxd2 18. Kxd2 a6 19. Ba3 Ne5 20. f4 Nc6 21. Nf3 b5
22. Bb2 Nb4 23. Nd4 Kd7 24. h4 Rc7 25. h5 Be4 26. dxe4 Nxe4+ 27. Ke1 Rhc8 28.
Ba3 Nc2+ 29. Nxc2 Rxc2 30. Bd1 Rxa2 31. Bb4 a5 32. h6 g6 33. Bxa5 Rxa5 34. f5
Ra1 35. fxg6 fxg6 36. Rh2 Nc3 {White resigns} 0-1

[Event "Team 45 45 League T55"]
[Site "Internet Chess Club"]
[Date "2012.11.25"]
[Round "2"]
[White "dscvdchk"]
[Black "tryanything"]
[Result "1/2-1/2"]
[WhiteElo "1537"]
[BlackElo "1557"]
[Opening "English opening"]
[ECO "A30"]
[Time "04:09:22"]
[TimeControl "2700+45"]

1. Nf3 Nf6 2. c4 c5 3. Nc3 g6 4. d4 cxd4 5. Nxd4 Nc6 6. g3 Bg7 7. Bg2 O-O 8. Nc2
d6 9. O-O Be6 10. b3 Rb8 11. Rb1 Qd7 12. Re1 Bh3 13. Bh1 Ng4 14. Ne4 Qf5 15. Ne3
Nxe3 16. Bxe3 Rfd8 17. Qd5 Qxd5 18. cxd5 Nb4 19. a4 a6 20. Ng5 Bf5 21. Rbc1 Rbc8
22. Bb6 Rxc1 23. Rxc1 Rc8 24. Rxc8+ Bxc8 25. Bg2 h6 26. Ba5 Nc2 27. Nf3 Nd4 28.
Nd2 Nxe2+ 29. Kf1 Bc3 30. Bxc3 Nxc3 31. Ke1 b5 32. axb5 Nxb5 33. Nc4 Nd4 34. Na5
f6 35. Kd2 Kf7 36. Kd3 Nb5 37. f4 g5 38. Kc4 gxf4 39. gxf4 Na3+ 40. Kc3 Nb1+ 41.
Kc2 Bf5+ 42. Kb2 Nd2 43. Nc6 Be4 44. Bxe4 Nxe4 45. b4 f5 46. Nb8 Nf6 47. Nxa6
Nxd5 48. b5 e5 49. fxe5 dxe5 50. Nc5 Ke7 51. Kb3 e4 52. Kc4 Kd6 53. Kd4 Nb6 54.
Nb7+ Kc7 55. Nc5 Nd7 56. Nxe4 fxe4 57. Kxe4 Kb6 58. Kf5 Nf8 59. h4 Kxb5 60. h5
Kc6 61. Kf6 Kd6 62. Kf7 Ne6 63. Kf6 Nf4 64. Kg7 Nxh5+ 65. Kxh6 {Game drawn
because neither player has mating material} 1/2-1/2

[Event "Team 45 45 League T55"]
[Site "Internet Chess Club"]
[Date "2012.11.23"]
[Round "2"]
[White "Aquaman"]
[Black "BrianWood"]
[Result "1/2-1/2"]
[WhiteElo "1332"]
[BlackElo "1496"]
[Opening "English: Wimpey system"]
[ECO "A01"]
[Time "21:00:52"]
[TimeControl "2700+45"]

1. b3 d5 2. Bb2 Nf6 3. e3 e6 4. Nf3 c5 5. c4 Nc6 6. cxd5 exd5 7. Be2 Bd6 8. O-O
O-O 9. d4 Re8 10. dxc5 Bxc5 11. Nbd2 Bg4 12. Rc1 Bb6 13. a3 Ne4 14. h3 Nxd2 15.
Qxd2 Bxf3 16. Bxf3 Ne7 17. Rfd1 Rc8 18. Rxc8 Qxc8 19. Qc3 Qxc3 20. Bxc3 Rd8 21.
Bb4 Nc6 22. Bc3 Ne7 23. b4 Bc7 24. Bd4 b6 25. b5 f6 26. a4 Be5 27. Ba1 Kf7 28.
Be2 {Game drawn by mutual agreement} 1/2-1/2

[Event "Team 45 45 League T55"]
[Site "Internet Chess Club"]
[Date "2012.11.24"]
[Round "2"]
[White "amax1"]
[Black "AVEMARIA"]
[Result "0-1"]
[WhiteElo "1379"]
[BlackElo "1694"]
[Opening "Sicilian: Alapin's variation (2.c3)"]
[ECO "B22"]
[Time "10:01:04"]
[TimeControl "2700+45"]

1. e4 c5 2. c3 e6 3. d4 d5 4. dxc5 Bxc5 5. exd5 Nf6 6. Bb5+ Bd7 7. dxe6 Bxb5 8.
exf7+ Kxf7 9. Qb3+ Qd5 10. Qxb5 Bxf2+ 11. Kxf2 Qxb5 12. Nf3 Re8 13. Nd4 Ne4+ 14.
Kf3 Qh5+ 15. g4 Qh3+ 16. Kf4 {White resigns} 0-1

[Event "Team 45 45 League T55"]
[Site "Internet Chess Club"]
[Date "2012.11.21"]
[Round "2"]
[White "Kingofknights"]
[Black "anna"]
[Result "1-0"]
[WhiteElo "1527"]
[BlackElo "1622"]
[Opening "QGD: Orthodox defense, Rubinstein variation"]
[ECO "D61"]
[Time "19:00:29"]
[TimeControl "2700+45"]

1. d4 d5 2. c4 e6 3. Nc3 Nf6 4. Bg5 Nbd7 5. e3 Be7 6. Nf3 O-O 7. Qc2 c6 8. Be2
h6 9. h4 Nh7 10. Bxe7 Qxe7 11. O-O-O a6 12. g4 g6 13. Bd3 Qf6 14. Ne5 Nxe5 15.
dxe5 Qg7 16. f4 dxc4 17. Bxc4 b5 18. Bd3 c5 19. Qg2 Rb8 20. g5 h5 21. Rhg1 c4
22. Be4 b4 23. Ne2 a5 24. Nd4 Ba6 25. Nc6 Rb5 26. Ne7+ Kh8 27. Rd6 Bc8 28. Rgd1
Rb8 29. Rd8 Ba6 30. R8d6 Bb5 31. Qd2 Ba4 32. Re1 Rfe8 33. Nc6 Rbc8 34. Qd4 Bb5
35. Na7 {Black resigns} 1-0

[Event "Team 45 45 League T55"]
[Site "Internet Chess Club"]
[Date "2012.11.22"]
[Round "2"]
[White "Joeohio"]
[Black "whiskeytown"]
[Result "0-1"]
[WhiteElo "1452"]
[BlackElo "1538"]
[Opening "Pirc: classical (two knights) system"]
[ECO "B08"]
[Time "12:01:50"]
[TimeControl "2700+45"]

1. e4 d6 2. d4 Nf6 3. Nc3 g6 4. Nf3 Bg7 5. Bc4 O-O 6. Bg5 Re8 7. Qd2 Nxe4 8.
Nxe4 d5 9. Bh6 dxc4 10. Bxg7 Kxg7 11. O-O-O Bg4 12. h4 h5 13. Rdg1 Nc6 14. d5
Bxf3 15. gxf3 Ne5 16. Qd4 f6 17. Rg3 c6 18. f4 Qxd5 19. Qxd5 cxd5 20. fxe5 dxe4
21. exf6+ exf6 22. Rhg1 Rg8 23. Rxg6+ Kh7 24. Rxg8 Rxg8 25. Rxg8 Kxg8 26. Kd2
Kf7 27. Ke3 f5 28. Kd4 b5 29. a4 a6 30. a5 Ke6 31. Kc5 f4 32. Kd4 Kf5 33. c3 f3
34. Kc5 e3 35. Kb6 exf2 36. Kxa6 f1=Q 37. Kb7 Qa1 38. a6 Qxb2 39. a7 Qa3 40.
a8=Q Qxa8+ 41. Kxa8 f2 42. Ka7 Kg4 43. Kb6 Kxh4 44. Kxb5 f1=Q 45. Kb4 Qd3 46.
Kc5 Qxc3 47. Kd6 Qd4+ 48. Kc6 c3 49. Kb5 c2 50. Ka6 c1=Q 51. Kb7 Qdb2+ 52. Ka6
Qca1# {White checkmated} 0-1

[Event "Team 45 45 League T55"]
[Site "Internet Chess Club"]
[Date "2012.11.24"]
[Round "2"]
[White "Pason"]
[Black "Zumbi"]
[Result "0-1"]
[WhiteElo "2036"]
[BlackElo "2214"]
[Opening "Neo-Grünfeld, 6.cd Nxd5, 7.O-O Nb6"]
[ECO "D76"]
[Time "14:06:33"]
[TimeControl "2700+45"]

1. d4 Nf6 2. c4 g6 3. Nf3 Bg7 4. g3 O-O 5. Bg2 d5 6. cxd5 Nxd5 7. O-O Nb6 8. Nc3
Nc6 9. e3 Re8 10. a4 a5 11. Qb3 Be6 12. Qd1 Nb4 13. Nd2 c6 14. Nb3 Bc4 15. Ne2
e5 16. Nc5 exd4 17. Nxb7 Qe7 {White resigns} 0-1

[Event "Team 45 45 League T55"]
[Site "Internet Chess Club"]
[Date "2012.11.24"]
[Round "2"]
[White "koni"]
[Black "Tobiasdelmonte"]
[Result "0-1"]
[WhiteElo "1882"]
[BlackElo "1871"]
[Opening "Alekhine's defense: Maróczy variation"]
[ECO "B02"]
[Time "14:12:35"]
[TimeControl "2700+45"]

1. e4 Nf6 2. d3 e5 3. g3 Bc5 4. Bg2 O-O 5. Nf3 d6 6. c3 Bg4 7. h3 Bh5 8. g4 Bg6
9. Bg5 Nbd7 10. Nbd2 c6 11. Qe2 h6 12. Be3 Re8 13. O-O-O Qa5 14. Kb1 d5 15. Nb3
Qb5 16. Bxc5 Nxc5 17. Nxc5 Qxc5 18. Nh4 Bh7 19. Nf5 Rad8 20. f3 Bxf5 21. exf5 d4
22. c4 b5 23. cxb5 Qxb5 24. Rc1 Nd5 25. Qd2 Ne3 26. Bf1 Rb8 27. Be2 Rb6 28. Ka1
Reb8 29. Rb1 Qa4 30. Rhc1 Qxa2+ 31. Kxa2 Ra6+ {White resigns} 0-1

[Event "Team 45 45 League T55"]
[Site "Internet Chess Club"]
[Date "2012.11.25"]
[Round "2"]
[White "Goli"]
[Black "poni"]
[Result "1/2-1/2"]
[WhiteElo "1840"]
[BlackElo "1892"]
[Opening "Pirc defense"]
[ECO "B07"]
[Time "13:05:06"]
[TimeControl "2700+45"]

1. e4 d6 2. d4 Nf6 3. Nc3 e5 4. dxe5 dxe5 5. Qxd8+ Kxd8 6. a3 Be6 7. h3 Nc6 8.
Be3 Bd6 9. O-O-O Ke7 10. Nf3 a6 11. g4 b5 12. g5 Nd7 13. Nd5+ Bxd5 14. exd5 Na5
15. Nd2 Rhb8 16. Ne4 Nb6 17. Nxd6 cxd6 18. Bxb6 Rxb6 19. h4 Rc8 20. Bd3 Rh8 21.
f4 f6 22. gxf6+ gxf6 23. fxe5 dxe5 24. Rhg1 Kd6 25. Rg7 Rb7 26. Rxb7 Nxb7 27.
Bf5 Rg8 28. b3 Nc5 29. Kb2 h6 30. b4 Na4+ 31. Kc1 Rg3 32. Be6 Rxa3 33. Kd2 Rg3
34. Rf1 Ke7 35. Bc8 Nb6 36. d6+ Kxd6 37. Rxf6+ Kc7 38. Bxa6 Nc4+ 39. Ke2 Nd6 40.
Rxh6 Rh3 41. h5 Ra3 42. Rxd6 Kxd6 43. Bxb5 Rh3 44. Be8 Kd5 45. b5 Rc3 46. Kd2
Rc8 47. Bg6 Rh8 48. Kd3 Kc5 49. Ke4 {Game drawn by mutual agreement} 1/2-1/2

[Event "Team 45 45 League T55"]
[Site "Internet Chess Club"]
[Date "2012.11.23"]
[Round "2"]
[White "SlimeDog2"]
[Black "Shijith"]
[Result "1/2-1/2"]
[WhiteElo "2113"]
[BlackElo "2002"]
[Opening "QGD Slav: Krause attack"]
[ECO "D17"]
[Time "19:52:33"]
[TimeControl "2700+45"]

1. d4 d5 2. Nf3 Nf6 3. c4 c6 4. Nc3 dxc4 5. a4 Bf5 6. Ne5 Nbd7 7. Nxc4 Nb6 8.
Ne5 e6 9. f3 Nfd7 10. Nxd7 Nxd7 11. e4 Bg6 12. Bf4 Qb6 13. Qd2 Bb4 14. Bc4 O-O
15. h4 h5 16. Ke2 c5 17. d5 exd5 18. Qxd5 Rad8 19. Qd6 Qxd6 20. Bxd6 Nb6 21.
Bxf8 Nxc4 {Game drawn by mutual agreement} 1/2-1/2

[Event "Team 45 45 League T55"]
[Site "Internet Chess Club"]
[Date "2012.11.23"]
[Round "2"]
[White "seikster"]
[Black "sonoftill"]
[Result "1/2-1/2"]
[WhiteElo "1881"]
[BlackElo "2017"]
[Opening "King's Indian: 4.e4"]
[ECO "E70"]
[Time "15:41:41"]
[TimeControl "2700+45"]

1. c4 Nf6 2. Nc3 g6 3. e4 Bg7 4. d4 O-O 5. Nf3 c6 6. Be2 d5 7. cxd5 cxd5 8. e5
Ne4 9. Qb3 Nxc3 10. bxc3 Nc6 11. O-O Na5 12. Qb5 Bf5 13. Bd2 b6 14. Nh4 a6 15.
Qb4 Nc6 16. Qb2 Bd7 17. Rfb1 b5 18. a4 bxa4 19. Rxa4 e6 20. Nf3 Nxe5 21. Rxa6
Rxa6 22. Bxa6 Nxf3+ 23. gxf3 Qf6 24. Qb6 Qxf3 25. Qc7 Qf5 26. Re1 Qg4+ 27. Kf1
Qh3+ 28. Kg1 Qg4+ {Game drawn by mutual agreement} 1/2-1/2

[Event "Team 45 45 League T55"]
[Site "Internet Chess Club"]
[Date "2012.11.24"]
[Round "2"]
[White "cysk"]
[Black "Nb4"]
[Result "1/2-1/2"]
[WhiteElo "1761"]
[BlackElo "1925"]
[Opening "Caro-Kann: advance variation"]
[ECO "B12"]
[Time "22:44:08"]
[TimeControl "2700+45"]

1. e4 c6 2. d4 d5 3. e5 c5 4. dxc5 e6 5. Be3 Nh6 6. Bxh6 gxh6 7. Nc3 Bxc5 8. Qd2
Nc6 9. Nf3 Bb4 10. Bb5 Bd7 11. O-O Nxe5 12. Bxd7+ Nxd7 13. Qxh6 Bxc3 14. bxc3
Rc8 15. Qe3 Qf6 16. Qxa7 Rxc3 17. Rab1 b6 18. Rfe1 Rxf3 19. gxf3 Ne5 20. Qb8+
Kd7 21. Qxe5 Rg8+ 22. Kf1 Qxf3 23. Qe3 Qh1+ 24. Ke2 Qxh2 25. Rh1 Qc7 26. Kd2 Rg4
27. Qxb6 Qf4+ 28. Qe3 Qc4 29. Qa7+ Kd6 30. Qb6+ Ke7 31. Rxh7 Rd4+ 32. Kc1 Qc3
33. Rh3 Qd2+ 34. Kb2 Rb4+ 35. Qxb4+ Qxb4+ 36. Rb3 Qd4+ 37. Kc1 Qxf2 38. Rb7+ Kd6
39. R1b6+ Ke5 40. Rc6 Qg1+ 41. Kb2 Qd4+ 42. Kb3 Qe3+ 43. Rc3 Qf4 44. a4 {Game
drawn by mutual agreement} 1/2-1/2

[Event "Team 45 45 League T55"]
[Site "Internet Chess Club"]
[Date "2012.11.24"]
[Round "2"]
[White "kabindra"]
[Black "bgolev"]
[Result "1/2-1/2"]
[WhiteElo "1777"]
[BlackElo "1813"]
[Opening "Giuoco Piano"]
[ECO "C53"]
[Time "14:38:24"]
[TimeControl "2700+45"]

1. e4 e5 2. Nf3 Nc6 3. Bc4 Bc5 4. c3 d6 5. d4 exd4 6. cxd4 Bb4+ 7. Nc3 Nf6 8.
O-O Bxc3 9. bxc3 O-O 10. Re1 Bg4 11. Qd3 Na5 12. Bb5 a6 13. Ba4 b5 14. Bc2 Bh5
15. Bg5 Bg6 16. Nh4 Qd7 17. Nxg6 fxg6 18. e5 dxe5 19. dxe5 Qxd3 20. Bxd3 Nd5 21.
Be4 c6 22. Rac1 Nc4 23. e6 Rfe8 24. Bf3 Rac8 25. Bh4 Nf4 26. Rcd1 Rxe6 27. Rxe6
Nxe6 28. Bg4 Re8 29. Bg3 Nc5 30. Bf3 Re6 31. h3 Kf7 32. Rd8 Na4 33. Rc8 Nxc3 34.
Bxc6 Re1+ 35. Kh2 Nd2 36. h4 Nf1+ 37. Kh3 Nxg3 38. Kxg3 Ne4+ 39. Kf3 Nd2+ 40.
Kg3 Ne4+ 41. Kf3 Nd2+ 42. Kf4 Re2 43. Rc7+ Kf8 44. Ra7 Nb1 45. Rxa6 Rxf2+ 46.
Kg3 Rb2 47. Bd5 Nc3 48. Bb3 Ke7 49. Ra7+ Kf6 50. Ra6+ Ke5 51. Ra7 Ne4+ 52. Kh2
Kf5 53. Rxg7 Nf6 54. Rb7 Kf4 55. Rxb5 Ng4+ 56. Kh3 Nf2+ 57. Kh2 Ng4+ {Game drawn
by mutual agreement} 1/2-1/2

[Event "Team 45 45 League T55"]
[Site "Internet Chess Club"]
[Date "2012.11.23"]
[Round "2"]
[White "MarshKnight"]
[Black "koni"]
[Result "1/2-1/2"]
[WhiteElo "1560"]
[BlackElo "1900"]
[Opening "King's pawn opening"]
[ECO "B07"]
[Time "14:00:18"]
[TimeControl "2700+45"]

1. e4 d6 2. d3 e5 3. g3 g6 4. Bg2 Bg7 5. f4 exf4 6. gxf4 Qh4+ 7. Kf1 Nc6 8. Nf3
Qe7 9. Nc3 Nf6 10. h3 Bd7 11. Be3 O-O-O 12. Qe1 Nh5 13. Nd5 Qf8 14. Rb1 Kb8 15.
b4 f5 16. b5 Ne7 17. Bxa7+ Kc8 18. Nxc7 Kxc7 19. Qa5+ Kc8 20. Bb6 Ng3+ 21. Ke1
Be6 22. Qa8+ Kd7 23. Qxb7+ Ke8 24. Bxd8 Kxd8 25. Ng5 Bc8 26. Qb6+ Ke8 27. e5
dxe5 28. Ne6 Bxe6 29. Qxe6 Qf6 30. Bc6+ Kf8 31. Qd7 Bh6 32. Rg1 exf4 33. b6 Qe5+
34. Kd1 f3 35. Re1 Ne2 36. c4 Qe3 37. Kc2 Qd2+ 38. Kb3 Qc3+ 39. Ka4 Qc2+ 40. Kb5
Nxc6 41. Kxc6 Qa4+ 42. Rb5 Bf4 43. Qd8+ Kg7 44. Qe7+ {Game drawn by mutual
agreement} 1/2-1/2

[Event "Team 45 45 League T55"]
[Site "Internet Chess Club"]
[Date "2012.11.26"]
[Round "2"]
[White "John3v16"]
[Black "misuc56"]
[Result "1-0"]
[WhiteElo "1707"]
[BlackElo "1812"]
[Opening "Sicilian defense"]
[ECO "B32"]
[Time "05:00:39"]
[TimeControl "2700+45"]

1. e4 c5 2. Nf3 Nc6 3. d4 cxd4 4. Nxd4 d6 5. Nc3 g6 6. Be3 Bg7 7. Qd2 Bd7 8.
O-O-O a6 9. f3 Rb8 10. g4 Ne5 11. h4 h5 12. g5 b5 13. Bh3 Nc4 14. Bxd7+ Qxd7 15.
Qd3 Nxe3 16. Qxe3 f6 17. Nce2 fxg5 18. hxg5 e5 19. Nb3 Qc7 20. Qd3 Rd8 21. Qd5
Ne7 22. Qd3 O-O 23. Nc3 Qc6 24. Nd5 Nxd5 25. exd5 Qb6 26. Qxg6 Qe3+ 27. Kb1 Qxf3
28. Qe6+ Qf7 29. Na5 Qxe6 30. dxe6 Rfe8 31. Nc6 Rc8 32. Rxd6 Bf8 33. e7 Bxe7 34.
Nxe7+ Rxe7 35. Rxh5 e4 36. Rxa6 e3 37. Rg6+ Kf7 38. Rf6+ Ke8 39. Rh1 e2 40. Re1
Rc5 41. g6 Rg5 42. Kc1 Kd7 43. Rf2 Rxg6 44. Rfxe2 Rxe2 45. Rxe2 Kc6 46. b4 Kd5
47. Kb2 Rg4 48. Kb3 Rg1 49. Rd2+ Kc6 50. c3 Rb1+ 51. Rb2 Rc1 52. Rc2 Rb1+ 53.
Ka3 Kd5 54. Rb2 Rc1 55. Kb3 Ra1 56. Rd2+ Kc6 57. c4 bxc4+ 58. Kxc4 Rc1+ 59. Kb3
Rb1+ 60. Ka4 Rc1 61. Ka5 Ra1 62. a4 Rh1 63. Ka6 Rh8 64. b5+ Kc7 65. b6+ Kb8 66.
a5 Rg8 67. Rc2 Rg5 68. Rd2 Rg8 69. Rd5 Rh8 70. Kb5 Rg8 71. a6 Rh8 72. a7+ Kb7
73. Rd7+ Ka8 74. Ka6 {Black resigns} 1-0

[Event "Team 45 45 League T55"]
[Site "Internet Chess Club"]
[Date "2012.11.22"]
[Round "2"]
[White "picante"]
[Black "kabindra"]
[Result "1-0"]
[WhiteElo "1835"]
[BlackElo "1714"]
[Opening "King's Indian: Sämisch, 5...O-O"]
[ECO "E81"]
[Time "17:30:55"]
[TimeControl "2700+45"]

1. d4 Nf6 2. c4 g6 3. Nc3 Bg7 4. e4 d6 5. f3 O-O 6. Be3 a6 7. Qd2 Re8 8. Nge2
Bd7 9. g4 b5 10. g5 Nh5 11. Ng3 Nxg3 12. hxg3 b4 13. Nd5 Nc6 14. Qh2 Nxd4 15.
Nf6+ exf6 16. Bxd4 c5 17. gxf6 cxd4 18. Qxh7+ {Black resigns} 1-0

[Event "Team 45 45 League T55"]
[Site "Internet Chess Club"]
[Date "2012.11.25"]
[Round "2"]
[White "subterfuge"]
[Black "TwoEqualsOne"]
[Result "0-1"]
[WhiteElo "1740"]
[BlackElo "1958"]
[Opening "Grünfeld: exchange variation"]
[ECO "D85"]
[Time "17:00:10"]
[TimeControl "2700+45"]

1. d4 Nf6 2. c4 g6 3. Nc3 d5 4. cxd5 Nxd5 5. e4 Nxc3 6. bxc3 c5 7. Bb5+ Bd7 8.
Bxd7+ Nxd7 9. Ne2 Bg7 10. O-O O-O 11. Rb1 cxd4 12. cxd4 Nb6 13. Qd3 Qd7 14. Bb2
e6 15. Kh1 Rfc8 16. f4 Rc7 17. f5 exf5 18. exf5 Nd5 19. Rf3 Rac8 20. Rbf1 Qc6
21. Bc1 Rd7 22. fxg6 hxg6 23. Rh3 Qc2 24. Qf3 Rc6 25. Bg5 Re6 26. Ng3 Bf6 27.
Qg4 Bg7 28. Qh4 Ne3 29. Qh7+ Kf8 30. Bh6 Qxg2# {White checkmated} 0-1

[Event "Team 45 45 League T55"]
[Site "Internet Chess Club"]
[Date "2012.11.23"]
[Round "2"]
[White "Morphing"]
[Black "camerons"]
[Result "0-1"]
[WhiteElo "1686"]
[BlackElo "1760"]
[Opening "Nimzovich-Larsen attack: classical variation"]
[ECO "A01"]
[Time "04:35:02"]
[TimeControl "2700+45"]

1. b3 d5 2. Bb2 Bf5 3. e3 e6 4. g4 Be4 5. Nf3 Nf6 6. d3 Bg6 7. Ne5 Nbd7 8. Nxg6
hxg6 9. Bg2 Bd6 10. f4 Qe7 11. Nd2 e5 12. O-O exf4 13. Re1 O-O-O 14. exf4 Qf8
15. Qf3 c6 16. a3 g5 17. Be5 gxf4 18. Bxf4 Bxf4 19. Qxf4 Qc5+ 20. Kh1 Qxc2 21.
g5 Nh5 22. Qe3 Rde8 23. Qf2 Qxd3 24. Rxe8+ Rxe8 25. Qxf7 Rh8 26. Qf2 Rf8 27. Qe1
Nf4 28. Bf1 Qf5 29. Qg3 Re8 30. Kg1 Qe5 31. Qg4 Qe3+ 32. Kh1 Qxd2 33. Rd1 Qe3
34. h4 Rh8 {White resigns} 0-1

[Event "Team 45 45 League T55"]
[Site "Internet Chess Club"]
[Date "2012.11.26"]
[Round "2"]
[White "gandre"]
[Black "SirIvanhoe"]
[Result "1/2-1/2"]
[WhiteElo "1772"]
[BlackElo "1519"]
[Opening "Queen's bishop game"]
[ECO "D00"]
[Time "14:01:21"]
[TimeControl "2700+45"]

1. d4 d5 2. Bf4 Nf6 3. Nf3 c5 4. c3 Nc6 5. e3 Qb6 6. Qb3 c4 7. Qxb6 axb6 8. Na3
Na7 9. Bc7 b5 10. Bb6 Bd7 11. Nc2 Bf5 12. Nb4 e6 13. a3 Bd6 14. Bxa7 Rxa7 15.
Be2 O-O 16. O-O h6 17. Ne5 Raa8 18. Rfc1 Ra7 19. Nc2 Bxc2 20. Rxc2 Rd8 21. Rf1
Nd7 22. Nxd7 Rxd7 23. f4 Rd8 24. g4 Rf8 25. g5 hxg5 26. fxg5 b6 27. Bg4 g6 28.
Rcf2 Kg7 29. e4 dxe4 30. Kg2 Rc7 31. Re2 Re7 32. Rf6 Ra7 33. Rf1 Re7 34. Rxe4 f5
35. gxf6+ Rxf6 36. Rxf6 Kxf6 37. h3 Bc7 38. Kf3 Bd6 39. Kg2 Bc7 40. Kf3 Bd6 41.
Kg2 Bc7 {Game drawn by repetition} 1/2-1/2

[Event "Team 45 45 League T55"]
[Site "Internet Chess Club"]
[Date "2012.11.24"]
[Round "2"]
[White "badmove"]
[Black "clarinetref"]
[Result "1/2-1/2"]
[WhiteElo "1755"]
[BlackElo "1717"]
[Opening "Queen's gambit accepted"]
[ECO "D20"]
[Time "17:34:04"]
[TimeControl "2700+45"]

1. d4 d5 2. c4 dxc4 3. e3 e6 4. Bxc4 a6 5. Nf3 Nd7 6. O-O b5 7. Bb3 Bb7 8. Qe2
Ngf6 9. a4 b4 10. Nbd2 c5 11. Rd1 Qc7 12. Nc4 Bd5 13. Bd2 Be7 14. Rac1 Qa7 15.
Be1 O-O 16. Ba2 a5 17. b3 Qb8 18. Nfe5 Nxe5 19. dxe5 Nd7 20. f4 f6 21. Qg4 Qb7
22. Bb1 f5 23. Qe2 Nb6 24. Bd3 Kh8 25. Bg3 Rg8 26. Nxb6 Qxb6 27. Bc4 Bxc4 28.
Qxc4 Rad8 29. Bf2 Rxd1+ 30. Rxd1 g5 31. g3 Rd8 32. Rxd8+ Bxd8 33. e4 fxe4 34.
Qxe4 gxf4 35. Qxf4 Be7 36. Qf7 Qd8 37. Qxe6 Qd1+ 38. Kg2 Qd8 39. Qf7 Qa8+ 40.
Kg1 Qf8 41. Qd5 Qg8 42. e6 Qf8 43. Qd7 Kg8 44. Qc7 Qf5 45. Qxe7 Qb1+ 46. Kg2
Qe4+ 47. Kh3 Qf5+ 48. Kg2 Qe4+ 49. Kg1 Qb1+ 50. Kg2 Qe4+ 51. Kf1 Qb1+ 52. Ke2
Qc2+ 53. Kf1 Qb1+ {Game drawn by mutual agreement} 1/2-1/2

[Event "Team 45 45 League T55"]
[Site "Internet Chess Club"]
[Date "2012.11.26"]
[Round "2"]
[White "PostMike"]
[Black "houseofcook"]
[Result "0-1"]
[WhiteElo "1496"]
[BlackElo "1486"]
[Opening "French: King's Indian attack"]
[ECO "C00"]
[Time "14:30:13"]
[TimeControl "2700+45"]

1. e4 e6 2. d3 d5 3. Nd2 c5 4. Ngf3 Nc6 5. g3 Bd6 6. Bg2 Nge7 7. O-O O-O 8. Re1
Qc7 9. exd5 exd5 10. Nf1 d4 11. h3 Bd7 12. Bg5 h6 13. Bxe7 Nxe7 14. N3d2 Nc6 15.
Nc4 Rfe8 16. Qd2 Be6 17. Nxd6 Qxd6 18. a3 Qd7 19. h4 Bd5 20. Qf4 Bxg2 21. Kxg2
Qd5+ 22. Qf3 Qd7 23. Nd2 Ne5 24. Qd1 Qd5+ 25. Nf3 Re7 26. Re4 Rae8 27. Qe2 f5
28. Rxe5 Rxe5 29. Qd1 Re2 30. b3 g5 31. hxg5 hxg5 32. Qh1 g4 33. Qh6 Qxf3+ 34.
Kf1 Qxf2# {White checkmated} 0-1

[Event "Team 45 45 League T55"]
[Site "Internet Chess Club"]
[Date "2012.11.25"]
[Round "2"]
[White "Visin"]
[Black "jjaillet2007"]
[Result "0-1"]
[WhiteElo "1296"]
[BlackElo "1363"]
[Opening "French: Marshall variation"]
[ECO "C10"]
[Time "15:00:18"]
[TimeControl "2700+45"]

1. e4 e6 2. d4 d5 3. Nc3 c5 4. Nf3 Nc6 5. Bb5 Nf6 6. Qe2 a6 7. Bxc6+ bxc6 8. Bg5
h6 9. Bh4 Be7 10. e5 Nd7 11. Bxe7 Qxe7 12. O-O a5 13. Qe3 O-O 14. b3 cxd4 15.
Nxd4 c5 16. Nf3 Ba6 17. Ne2 d4 18. Qd2 Bb7 19. Qd3 Bxf3 20. Qxf3 Nxe5 21. Qe4
Ng6 22. Rfd1 f5 23. Qc6 Ne5 24. Qa4 f4 25. Nxd4 cxd4 26. Qxd4 Qg5 27. Qe4 Qf5
28. Qxf5 Rxf5 29. f3 Kf7 30. c4 a4 31. Rac1 axb3 32. axb3 Ra3 33. Rc3 Ke7 34. c5
Nc6 35. Rcd3 Rxc5 36. Rd7+ Kf6 37. h3 Rxb3 38. Rc7 Rbc3 39. Rdd7 Rc1+ 40. Kh2
Ne5 41. Rxc5 Rxc5 42. Rd4 g5 43. h4 Rd5 44. hxg5+ hxg5 45. Ra4 Rd2 46. Kh3 Kf5
47. Ra5 Rd5 48. Ra8 g4+ 49. fxg4+ Nxg4 50. Rf8+ Nf6 51. Kh2 Kg5 52. Kg1 e5 53.
Rf7 e4 54. Rg7+ Kh6 55. Rf7 Kg6 56. Ra7 Kg5 57. Re7 Kg4 58. Rg7+ Rg5 59. Rf7 Kf5
60. Kf2 Ke6 61. Ra7 Ng4+ 62. Kf1 Ne3+ 63. Kg1 Rxg2+ 64. Kh1 f3 65. Ra3 Ng4 66.
Rb3 Nf2# {White checkmated} 0-1